 Dungeon Crawl Stone Soup version 0.31-a0-801-gc67433417a (webtiles) character file.

Game seed: 14002682945736280845

447 Ivernyr the Slasher (level 7, -1/36 HPs)
             Began as a Vine Stalker Gladiator on Sept 20, 2023.
             Slain by an iguana (12 damage)
             ... on level 4 of the Dungeon.
             The game lasted 00:06:43 (2945 turns).

Ivernyr the Slasher (Vine Stalker Gladiator)        Turns: 2945, Time: 00:06:44

Health: -1/36      AC:  4    Str: 17    XL:     7   Next: 3%
Magic:  0/17       EV: 13    Int:  8    God:
Gold:   247        SH:  0    Dex: 17    Spells: 6/6 levels left

rFire   . . .        a - +0 long sword
rCold   . . .        (no shield)
rNeg    . . .        b - +0 leather armour
rPois   .            c - +0 helmet
rElec   .            (no cloak)
rCorr   .            (no gloves)
SInv    .            (no boots)
Will    .....        (no amulet)
Stlth   +            u - ring of magical power
HPRegen 1.06/turn    (no ring)
MPRegen 0.15/turn

%: guardian spirit
@: no status effects
A: fangs 2, regeneration 1, magic shield, antimagic bite, no potion heal 2
a: no special abilities


You were on level 4 of the Dungeon.
You visited 1 branch of the dungeon, and saw 5 of its levels.

You collected 247 gold pieces.

Inventory:

Hand Weapons
 a - a +0 long sword (weapon)
Missiles
 d - 3 throwing nets (quivered)
 e - a javelin
Armour
 b - a +0 leather armour (worn)
 c - a +0 helmet (worn)
Jewellery
 u - a ring of magical power (left hand)
Wands
 r - a wand of mindburst (15)
Scrolls
 f - a scroll of summoning {unknown}
 g - 7 scrolls of identify {unknown}
 j - 3 scrolls of amnesia {unknown}
 l - 2 scrolls of enchant armour {unknown}
 m - 3 scrolls of teleportation {unknown}
 n - 2 scrolls of vulnerability {unknown}
 p - a scroll of blinking {unknown}
 q - 3 scrolls of revelation {unknown}
 s - a scroll of noise {unknown}
 t - a scroll of immolation {unknown}
 x - a scroll of fog {unknown}
Potions
 h - 2 potions of heal wounds {unknown}
 i - a potion of curing {unknown}
 k - a potion of degeneration {unknown}
 o - a potion of magic {unknown}
 v - a potion of attraction {unknown}
 w - a potion of cancellation {unknown}


   Skills:
 + Level 3.2 Fighting
 * Level 4.8 Long Blades
 - Level 1.7 Throwing
 + Level 2.3 Armour
 + Level 3.5 Dodging


You had 6 spell levels left.
You didn't know any spells.
Your spell library contained the following spells:

 Spells                   Type           Power      Damage    Failure   Level
 Apportation              Tloc           0%         N/A       45%         1
 Necrotise                Necr           0%         1d4       45%         1
 Summon Small Mammal      Summ           0%         N/A       45%         1
 Blink                    Tloc           0%         N/A       61%         2
 Jinxbite                 Hex            0%         N/A       61%         2
 Lesser Beckoning         Tloc           0%         N/A       61%         2
 Momentum Strike          Conj/Tloc      0%         3d8       61%         2
 Gell's Gravitas          Tloc           0%         N/A       83%         3
 Summon Guardian Golem    Hex/Summ       0%         N/A       83%         3
 Teleport Other           Tloc           0%         N/A       83%         3
 Tukima's Dance           Hex            0%         N/A       83%         3
 Passage of Golubria      Tloc           0%         N/A       99%         4
 Alistair's Intoxication  Tmut/Pois      0%         N/A       100%        5
 Yara's Violent Unravell  Hex/Tmut       0%         3d3       100%        5
 Dispersal                Tloc           0%         N/A       100%        6
 Orb of Destruction       Conj           0%         9d5       100%        7
 Spellforged Servitor     Conj/Summ      0%         N/A       100%        7


Dungeon Overview and Level Annotations

Branches:
Dungeon (5/15)
 Temple: D:4-7

Altars:
Elyvilon
Vehumet
Xom

Shops:
D:2 !


Innate Abilities, Weirdness & Mutations

You have extremely sharp teeth.
Your natural rate of healing is unusually fast.
When hurt, damage is shared between your health and your magic reserves.
Your bite disrupts and absorbs the magic of your enemies.
Potions cannot restore your health.


Message History

The iguana misses you.
The ufetubus hits you but does no damage. x2
The iguana misses you.
You feel sick.
You are no longer poisoned.
The ufetubus misses you. The ufetubus completely misses you.
The ufetubus closely misses you. The ufetubus misses you.
The iguana attacks as it pursues you! The iguana bites you!
* * * LOW HITPOINT WARNING * * *
There is a stone staircase leading down here.
The ufetubus misses you. The ufetubus hits you.
* * * LOW HITPOINT WARNING * * *
The ufetubus barely misses you. x2; The ufetubus hits you.
* * * LOW HITPOINT WARNING * * *
The ufetubus hits you.
Unknown command.
The ufetubus hits you but does no damage.
The ufetubus closely misses you.
There is an open door here.
The ufetubus barely misses you. The ufetubus misses you.
The ufetubus attacks as it pursues you! The ufetubus barely misses you.
The ufetubus closely misses you. The ufetubus completely misses you.
The ufetubus hits you.
* * * LOW HITPOINT WARNING * * *
The ufetubus hits you but does no damage.
The ufetubus closely misses you.
There is a stone staircase leading up here.
The ufetubus misses you.
The ufetubus hits you but does no damage.
The ufetubus attacks as it pursues you! The ufetubus closely misses you.
The ufetubus hits you but does no damage.
The ufetubus barely misses you. The ufetubus misses you.
The ufetubus attacks as it pursues you! The ufetubus closely misses you.
The ufetubus hits you.
The ufetubus hits you but does no damage.
The ufetubus barely misses you.
The ufetubus hits you but does no damage.
The ufetubus hits you.
The ufetubus hits you. x2; The iguana bites you!
You die...

###### ########
#....####......##### #
#....#..#.....<#...# #
#....#..#......#...# #
#....#..'......#...# #
#####....#..#......#...# ##
#........#..#..l5..#...# #.
#........####..@...#'###########
#........#..#.............#...##
#........#..#.......<.....#.>.##
#......>.#..#.............#.l.##
#........#..#..........)..##..#
##...)....#..#########'#)...#..##
#..#+#....#..##........#....'...#
.....#....#............#....#...#
.....#....'..##..#######.(..#####


You could see an iguana and an ufetubus.

Vanquished Creatures
  A phantom (D:4)
  2 scorpions
  A hound (D:4)
  A sleepcap (D:4)
  An adder (D:2)
  11 gnolls
  A worm (D:2)
  2 dart slugs (D:2)
  2 orcs (D:4)
  10 ball pythons
  6 bats
  8 endoplasms
  2 giant cockroaches
  8 hobgoblins
  5 jackals
  4 quokkas
  2 frilled lizards
  11 goblins
  5 kobolds
  A rat (D:1)
84 creatures vanquished.

Notes
Turn   | Place    | Note
-------+----------+-------------------------------------------
     0 | D:1      | Ivernyr the Vine Stalker Gladiator began the quest for the
                  | Orb.
     0 | D:1      | Reached XP level 1. HP: 11/11 MP: 2/2
    45 | D:1      | Reached XP level 2. HP: 14/15 MP: 3/3
    76 | D:1      | Reached skill level 3 in Long Blades
   181 | D:1      | Reached XP level 3. HP: 18/18 MP: 4/4
   533 | D:2      | Reached skill level 1 in Armour
   539 | D:2      | Reached XP level 4. HP: 22/23 MP: 5/5
   821 | D:2      | Found Emit's Distillery.
  1451 | D:3      | Found a white marble altar of Elyvilon.
  1638 | D:3      | Found a radiant altar of Vehumet.
  1639 | D:3      | Found a shimmering altar of Xom.
  1646 | D:3      | Reached XP level 5. HP: 27/27 MP: 6/6
  2140 | D:4      | Reached skill level 4 in Long Blades
  2280 | D:4      | Reached XP level 6. HP: 29/32 MP: 7/7
  2912 | D:5      | Entered Level 5 of the Dungeon
  2920 | D:5      | Reached XP level 7. HP: 18/36 MP: 8/8
  2945 | D:4      | Slain by an iguana

Illustrated notes

Levels and vault maps discovered:
D:1:      tarquinn_simple_flora_water_e, layout_rooms,
          minmay_misc_feat_nine_boxes
D:2:      layout_basic, serial_shops, nicolae_shop_real_fake_doors,
          st_stairs_10, minivault_26, roderic_serpentine_path
D:3:      layout_basic, lemuel_coloured_pillars_altar, jmf_multi_god_temple,
          chequers_jeans, hangedman_decor_peaks_small
D:4:      layout_gridville, minmay_cut_off
D:5:      layout_rooms

Skill      XL: |  1  2  3  4  5  6 |
---------------+-------------------+-----
Fighting       | 2 3 |  3.2
Long Blades    | 3 4 |  4.8
Armour         | 1 2 |  2.3
Dodging        | 3 |  3.5
Throwing       | |  1.7

Action                     |  1- 3 |  4- 6 |  7- 9 || total
---------------------------+-------+-------+-------++-------
  Melee: Long sword        |    73 |   135 |     1 ||   209
         Bite              |    15 |    32 |       ||    47
   Stab: Sleeping          |     1 |       |       ||     1
 Armour: Leather armour    |    39 |    79 |    22 ||   140
  Dodge: Dodged            |    65 |    95 |    32 ||   192

Table legend: (Time is in decaauts)
 A = Elapsed time spent in this place.
 B = Non-inter-level travel time spent in this place.
 C = Inter-level travel time spent in this place.
 D = Time resting spent in this place.
 E = Time spent auto-exploring this place.
 F = Levels seen in this place.
 G = Mean time per level.
                   A        B        C        D        E       F      G
               +--------+--------+--------+--------+--------+-----+--------+
         Total |   2990 |   2917 |     73 |      0 |   2239 |   5 |  598.0 |
       Dungeon |   2990 |   2917 |     73 |      0 |   2239 |   5 |  598.0 |
               +--------+--------+--------+--------+--------+-----+--------+

Top non-repeatable levels by time:
     D:4: 885 daAuts
     D:2: 876 daAuts
     D:3: 703 daAuts
     D:1: 512 daAuts
     D:5: 11 daAuts
